 Dungeon Crawl Stone Soup version 0.29.0-4-gdea44cf6ec (webtiles) character file.

Game seed: 7676094588879233073

77 qw the Chopper (level 4, -1/26 HPs)
             Began as a Tengu Warper on Aug 28, 2022.
             Slain by an orc
             ... wielding a +0 hand axe
              (3 damage)
             ... on level 3 of the Dungeon.
             The game lasted 00:00:12 (2675 turns).

qw the Chopper (Tengu Warper)                       Turns: 2675, Time: 00:00:12

Health: -1/26      AC:  6    Str: 13    XL:     4   Next: 34%
Magic:  8/8        EV:  9    Int: 14    God:
Gold:   118        SH:  0    Dex: 13    Spells: 7/7 levels left

rFire   . . .      SeeInvis .   Y - +0 hand axe
rCold   . . .      Faith    .   (no shield)
rNeg    . . .      Spirit   .   e - +0 scale mail
rPois   .          Reflect  .   (helmet restricted)
rElec   .          Harm     .   (no cloak)
rCorr   .          Rampage  .   (no gloves)
Will    .....                   (boots unavailable)
Stlth   ..........              (no amulet)
HPRegen 0.08/turn               (no ring)
MPRegen 0.11/turn               (no ring)

@: lethally poisoned (-1 -> -16)
A: beak, talons 3
a: no special abilities


You were on level 3 of the Dungeon.
You visited 1 branch of the dungeon, and saw 3 of its levels.

You collected 118 gold pieces.


Innate Abilities, Weirdness & Mutations

You have a beak for a mouth.
You have claws for feet.


   Skills:
 - Level 2.0 Fighting
 + Level 4.9 Axes
 - Level 1.0 Throwing
 - Level 1.1 Armour
 - Level 2.1 Dodging
 - Level 2.0 Spellcasting
 - Level 2.4 Translocations


You had 7 spell levels left.
You didn't know any spells.
Your spell library contained the following spells:

 Spells                   Type           Power      Damage    Failure   Level
 Blink                    Tloc           16%        N/A       54%         2
 Gell's Gravitas          Tloc           8%         N/A       78%         3
 Lesser Beckoning         Tloc           8%         N/A       78%         3
 Teleport Other           Tloc           8%         N/A       78%         3
 Manifold Assault         Tloc           8%         N/A       100%        5

Inventory:

Hand Weapons
 i - a +0 whip
 Y - a +0 hand axe (weapon)
Armour
 e - a +0 scale mail (worn)
Jewellery
 j - a ring of ice
Scrolls
 a - a scroll of enchant armour
 b - a scroll of teleportation {unknown}
Potions
 c - a potion of haste {unknown}
 d - a potion of flight {unknown}
 f - a potion of curing {unknown}
 g - a potion of mutation {unknown}
 h - a potion of heal wounds {unknown}

Dungeon Overview and Level Annotations

Branches:
Dungeon (3/15)

Altars:


Message History

A scorpion comes into view.
An orc comes into view. It is wielding a +0 hand axe.
2665 ||| Stepping ~*~*~tactically~*~*~ (stealth).
You hit the orc. Your peck misses the orc.
The orc is lightly wounded.
You hit the orc.
You kill the orc!
The orc hits you but does no damage.
2669 ||| Stepping ~*~*~tactically~*~*~ (stealth).
The orc attacks as you move away! The orc hits you but does no damage.
The orc shouts!
You hit the orc. You claw the orc.
You kill the orc!
You hit the orc. You claw the orc.
You kill the orc!
You completely miss the scorpion. You claw the scorpion.
The scorpion is moderately wounded.
The scorpion stings you.
You are poisoned.
The scorpion poisons you!
You closely miss the scorpion.
You claw the scorpion, but do no damage.
The scorpion is moderately wounded.
You feel very sick. The scorpion stings you.
An orc comes into view. It is wielding a +0 whip.
The scorpion misses you.
The orc shouts!
You hit the scorpion. Your kick misses the scorpion.
The scorpion is moderately wounded.
You hit the orc.
You feel sick. The orc hits you with a +0 hand axe. The scorpion stings you.
You are more poisoned.
The scorpion poisons you!
You hit the scorpion but do no damage. Your kick misses the scorpion.
The scorpion is moderately wounded.
You hit the orc but do no damage.
You feel very sick. The scorpion closely misses you.
The orc hits you with a +0 hand axe.
You die...

.. #. .## ..#
#.#######..
#.#..o....o #>#...#
#..s)## #####.@o##
###########......##
...#...........#..##
...#.#.......####..#
..............# ##.#
.<............# #.#
...##.........# #.#
...##.........####.#
...##..............#


You could see a scorpion and 2 orcs.

Vanquished Creatures
  2 adders
  A worm (D:2)
  3 dart slugs
  3 orcs (D:3)
  A bat (D:2)
  7 endoplasms
  5 giant cockroaches
  6 jackals (D:1)
  3 quokkas
  2 ball pythons (D:2)
  A frilled lizard (D:2)
  4 goblins (D:1)
  3 kobolds
  A rat (D:2)
42 creatures vanquished.

Notes
Turn   | Place    | Note
-------+----------+-------------------------------------------
     0 | D:1      | qw the Tengu Warper began the quest for the Orb.
     0 | D:1      | Reached XP level 1. HP: 12/12 MP: 4/4
     0 | D:1      | 0 ||| qw: Version: 0.1-a-89-g26bdef1
     0 | D:1      | 0 ||| qw: Game counter: 838
     0 | D:1      | 0 ||| qw: Always use a shield: true
     0 | D:1      | 0 ||| qw: God list: Okawaru
     0 | D:1      | 0 ||| qw: Allow faded altars: false
     0 | D:1      | 0 ||| qw: Do Orc after D:15 true
     0 | D:1      | 0 ||| qw: Do second Lair branch before Depths: true
     0 | D:1      | 0 ||| qw: Lair rune preference: random
     0 | D:1      | 0 ||| qw: Plans: Normal
     0 | D:1      | 0 ||| PLANNING D:1-11
    56 | D:1      | 56 ||| Stepping ~*~*~tactically~*~*~ (stealth).
    63 | D:1      | 63 ||| Stepping ~*~*~tactically~*~*~ (stealth).
   213 | D:1      | HP: 3/12 [goblin/+0 club (1)]
   214 | D:1      | HP: 1/12 [goblin/+0 club (2)]
   216 | D:1      | Reached skill level 3 in Axes
   216 | D:1      | Reached XP level 2. HP: 2/17 MP: 6/6
  1026 | D:1      | 1026 ||| Stepping ~*~*~tactically~*~*~ (stealth).
  1174 | D:1      | Reached XP level 3. HP: 21/21 MP: 7/7
  1184 | D:1      | 1184 ||| Stepping ~*~*~tactically~*~*~ (stealth).
  1185 | D:1      | 1185 ||| Stepping ~*~*~tactically~*~*~ (stealth).
  1424 | D:1      | 1424 ||| READING scroll labelled LUPTOTH WITREB.
  1425 | D:1      | 1425 ||| DROPPING scroll of blinking.
  1498 | D:2      | Reached skill level 4 in Axes
  1521 | D:2      | 1521 ||| Stepping ~*~*~tactically~*~*~ (stealth).
  1526 | D:2      | 1526 ||| Stepping ~*~*~tactically~*~*~ (stealth).
  1529 | D:2      | 1529 ||| Stepping ~*~*~tactically~*~*~ (stealth).
  1531 | D:2      | 1531 ||| Stepping ~*~*~tactically~*~*~ (stealth).
  1532 | D:2      | 1532 ||| Stepping ~*~*~tactically~*~*~ (stealth).
  1533 | D:2      | 1533 ||| Stepping ~*~*~tactically~*~*~ (stealth).
  1534 | D:2      | 1534 ||| Stepping ~*~*~tactically~*~*~ (stealth).
  1536 | D:2      | 1536 ||| Stepping ~*~*~tactically~*~*~ (stealth).
  1537 | D:2      | 1537 ||| Stepping ~*~*~tactically~*~*~ (stealth).
  1538 | D:2      | 1538 ||| Stepping ~*~*~tactically~*~*~ (stealth).
  1540 | D:2      | 1540 ||| Stepping ~*~*~tactically~*~*~ (stealth).
  1793 | D:2      | 1793 ||| Stepping ~*~*~tactically~*~*~ (stealth).
  1794 | D:2      | 1794 ||| Stepping ~*~*~tactically~*~*~ (stealth).
  1804 | D:2      | HP: 3/21 [worm (8)]
  2303 | D:2      | Reached XP level 4. HP: 26/26 MP: 8/8
  2340 | D:2      | 2340 ||| DROPPING +0 club.
  2583 | D:2      | 2583 ||| UPGRADING to +0 scale mail.
  2593 | D:2      | 2593 ||| DROPPING +0 leather armour.
  2594 | D:2      | 2594 ||| READING 2 scrolls labelled EROGGI YLEN.
  2595 | D:2      | 2595 ||| READING scroll labelled ICEYZE AKKOWK.
  2664 | D:3      | Noticed a scorpion
  2665 | D:3      | 2665 ||| Stepping ~*~*~tactically~*~*~ (stealth).
  2669 | D:3      | 2669 ||| Stepping ~*~*~tactically~*~*~ (stealth).
  2675 | D:3      | HP: 2/26 [poisoned by a scorpion]
  2675 | D:3      | Slain by an orc

Levels and vault maps discovered:
D:1:      ebering_trefoil_twist, layout_loops_cross, minmay_distorted
D:2:      layout_basic, nrook_loot_triangle, minmay_misc_feat_x
D:3:      layout_rooms, hellmonk_ecumenical_altar_dog_temple,
          grunt_ministairs_14

Skill      XL: |  1  2  3 |
---------------+----------+-----
Axes           | 3 4 |  4.9
Fighting       | |  2.0
Throwing       | |  1.0
Armour         | |  1.1
Dodging        | |  2.1
Spellcasting   | |  2.0
Translocations | |  2.4

Action                   |  1- 3 |  4- 6 || total
-------------------------+-------+-------++-------
Melee: Hand axe          |   101 |    14 ||   115
       Kick              |    23 |     7 ||    30
       Peck              |    17 |     2 ||    19
       Punch             |     2 |       ||     2
Throw: Boomerang         |     7 |       ||     7
  Use: Scroll            |     1 |     2 ||     3
 Stab: Sleeping          |     1 |       ||     1
Armor: Leather armour    |    13 |     1 ||    14
       Scale mail        |       |     3 ||     3
Dodge: Dodged            |    43 |     4 ||    47

Table legend:
 A = Non-vault XP
 B = Vault XP
 C = Vault XP percentage of total XP
 D = Non-vault monster count
 E = Vault monster count
 F = Vault count percentage of total count
                 A         B        C        D         E       F
            +---------+---------+-------+---------+---------+-------
      Total |     107 |       4 |   3.6 |      40 |       2 |   4.8
            +---------+---------+-------+---------+---------+-------
        D:1 |      38 |       4 |   9.5 |      19 |       2 |   9.5
        D:2 |      42 |       0 |   0.0 |      15 |       0 |   0.0
        D:3 |      27 |       0 |   0.0 |       6 |       0 |   0.0
            +---------+---------+-------+---------+---------+-------
